General information
			
			
        
        - name: BNet
 
        - type: Ladder 1vs1/FFA
 
        - host: Battle.net
 
        - saver: tacoworld
 
        
map: TerenasStand 
        - players: 2
 
        - length: 25:20
 
        - speed: Fast
 - version: 1.22 W3XP
 - replay type:  Public
 
» download(66 KB)
Players
        team 1 (winner) 
              
              
tacoworld (
orange | 57 APM | 1433 actions | 25:20)
              
 3 Archmage 
 2 Blizzard
 1 Brilliance Aura
 3 Mountain King 
 2 Storm Bolt
 1 Bash
 
                » actions 
                
                | Assign group hotkey | 12 |  | 
| Basic commands | 41 |  | 
| Build / train | 75 |  | 
| ESC pressed | 4 |  | 
| Enter build submenu | 63 |  | 
| Enter hero's abilities submenu | 6 |  | 
| Give item / drop item | 1 |  | 
| Right click | 410 |  | 
| Select / deselect | 349 |  | 
| Select group hotkey | 335 |  | 
| Use ability | 137 |  | 
                1433 total
 » units 
                
                | Peasant | 9 |  | 
| Goblin Shredder | 5 |  | 
| Mortar Team | 7 |  | 
| Priest | 1 |  | 
                22 total
 » upgrades
                
                | Masonry | 3 |  | 
| Magic Sentry | 1 |  | 
| Flare | 1 |  | 
| Fragmentation Shards | 1 |  | 
| Gunpowder | 3 |  | 
| Priest Training | 2 |  | 
| Sorceress Training | 1 |  | 
| Armor | 2 |  | 
                14 total
 » buildings
                
                | Altar of Kings | 1 |  | 
| Farm | 8 |  | 
| Lumber Mill | 1 |  | 
| Keep | 1 |  | 
| Scout Tower | 69 |  | 
| Arcane Tower | 1 |  | 
| Guard Tower | 25 |  | 
| Blacksmith | 2 |  | 
| Castle | 2 |  | 
| Arcane Sanctum | 1 |  | 
| Workshop | 2 |  | 
| Town Hall | 2 |  | 
                115 total
 » build order
                00:37 Altar of Kings
00:56 Farm
02:17 Lumber Mill
02:20 Keep
02:29 Scout Tower
02:56 Scout Tower
03:06 Arcane Tower
03:17 Scout Tower
03:18 Scout Tower
03:23 Scout Tower
03:38 Guard Tower
03:51 Farm
03:54 Guard Tower
04:19 Blacksmith
04:42 Castle
04:42 Castle
04:46 Blacksmith
04:57 Farm
05:41 Farm
06:15 Arcane Sanctum
06:21 Guard Tower
06:25 Scout Tower
06:26 Scout Tower
06:26 Scout Tower
06:39 Workshop
07:09 Guard Tower
07:32 Guard Tower
07:45 Workshop
07:52 Farm
07:54 Farm
07:56 Guard Tower
07:58 Scout Tower
08:58 Guard Tower
09:18 Scout Tower
09:57 Scout Tower
09:57 Scout Tower
09:58 Scout Tower
09:59 Scout Tower
10:00 Scout Tower
10:01 Scout Tower
10:02 Scout Tower
10:03 Scout Tower
10:04 Scout Tower
10:05 Scout Tower
10:22 Scout Tower
10:23 Scout Tower
10:27 Farm
10:27 Farm
11:18 Guard Tower
11:44 Scout Tower
11:44 Scout Tower
11:45 Scout Tower
12:07 Scout Tower
12:07 Scout Tower
12:08 Scout Tower
12:14 Scout Tower
12:15 Scout Tower
12:37 Town Hall
13:01 Guard Tower
13:18 Guard Tower
13:36 Scout Tower
13:37 Scout Tower
13:54 Guard Tower
14:17 Guard Tower
15:11 Guard Tower
16:52 Guard Tower
17:30 Scout Tower
17:32 Scout Tower
17:33 Scout Tower
17:34 Scout Tower
17:36 Scout Tower
17:37 Scout Tower
17:38 Scout Tower
17:38 Scout Tower
18:06 Guard Tower
18:16 Guard Tower
18:19 Scout Tower
18:20 Scout Tower
18:28 Guard Tower
18:38 Scout Tower
18:39 Scout Tower
18:40 Scout Tower
18:45 Scout Tower
18:45 Scout Tower
18:46 Scout Tower
18:48 Guard Tower
19:03 Guard Tower
19:17 Guard Tower
19:35 Guard Tower
20:01 Guard Tower
20:03 Town Hall
20:46 Guard Tower
22:23 Scout Tower
22:24 Scout Tower
22:24 Scout Tower
22:54 Scout Tower
22:57 Scout Tower
22:59 Scout Tower
23:00 Scout Tower
23:01 Scout Tower
23:02 Scout Tower
23:35 Guard Tower
23:55 Scout Tower
23:56 Scout Tower
23:57 Scout Tower
23:58 Scout Tower
23:58 Scout Tower
23:59 Scout Tower
24:28 Scout Tower
24:29 Scout Tower
24:30 Scout Tower
24:31 Scout Tower
24:32 Scout Tower
24:32 Scout Tower
24:37 Guard Tower
 
               team 2 (loser) 
              
              
tehcw (
blue | 37 APM | 922 actions | 25:13)
              
 4 Naga Sea Witch 
 2 Forked Lightning
 2 Frost Arrows
 1 Archmage 
 1 Summon Water Elemental
 
                » actions 
                
                | Assign group hotkey | 15 |  | 
| Basic commands | 81 |  | 
| Build / train | 43 |  | 
| Enter build submenu | 18 |  | 
| Enter hero's abilities submenu | 5 |  | 
| Give item / drop item | 1 |  | 
| Right click | 339 |  | 
| Select / deselect | 314 |  | 
| Select group hotkey | 39 |  | 
| Use ability | 65 |  | 
                922 total
 » units 
                
                | Peasant | 5 |  | 
| Footman | 3 |  | 
| Rifleman | 12 |  | 
| Priest | 4 |  | 
| Siege Engine | 2 |  | 
| Mortar Team | 2 |  | 
                28 total
 » upgrades
                
                | Gunpowder | 3 |  | 
| Long Rifles | 1 |  | 
| Priest Training | 2 |  | 
                6 total
 » buildings
                
                | Altar of Kings | 1 |  | 
| Barracks | 1 |  | 
| Farm | 10 |  | 
| Blacksmith | 1 |  | 
| Keep | 1 |  | 
| Arcane Sanctum | 1 |  | 
| Castle | 1 |  | 
| Workshop | 1 |  | 
                17 total
 » build order
                00:06 Altar of Kings
00:09 Barracks
00:28 Farm
02:04 Farm
02:57 Blacksmith
03:22 Farm
03:24 Farm
07:24 Keep
07:26 Farm
07:27 Farm
10:00 Arcane Sanctum
10:48 Farm
10:50 Farm
14:33 Farm
14:39 Castle
15:11 Farm
15:59 Workshop
 
                Chat log
          (00:30 / All) tacoworld: hope you're prepared for a militia rush
(09:25 / All) tehcw: seriously?
(09:30 / All) tehcw: gonna hide behind towers?
(09:31 / All) tacoworld: ??
(09:33 / All) tacoworld: hell yes
(15:39 / All) tacoworld: hmm
(18:54 / All) tacoworld: SNAKES!
(19:21 / All) tehcw: so whenever you want to attack me, ill be there. but im hungry 
(19:26 / All) tacoworld: k
(19:29 / All) tacoworld: slowly working on it
(22:55 / All) tehcw: im prolly gonna add you to the Azeroth Ban List for dota after this
(23:05 / All) tacoworld: shit
(23:25 / All) tacoworld: im not sure if riflemen is the right unit against towers
(23:39 / All) tacoworld: you ever play dota?
(23:55 / All) tehcw: yes?
(24:34 / All) tacoworld: gg
(24:51 / All) tehcw: glad I just broke my mouse
(24:52 / All) tehcw: lol
(25:13 / All) tehcw: your so banned
(25:17 / All) tacoworld: FUCK